 Dungeon Crawl Stone Soup version 0.31-a0-233-g139696dc86 (webtiles) character file.

Game seed: 8959016840557486963

771 rabbitsville the Cleaver (level 7, -1/66 HPs)
             Began as a Hill Orc Berserker on July 8, 2023.
             Was a Priest of Trog.
             Slain by an orc warrior
             ... wielding a +2 halberd of protection
              (18 damage)
             ... on level 5 of the Dungeon.
             The game lasted 00:14:19 (4887 turns).

rabbitsville the Cleaver (Hill Orc Berserker)       Turns: 4887, Time: 00:14:19

Health: -1/66      AC:  4    Str: 22      XL:     7   Next: 83%
Magic:  7/7        EV: 12    Int:  7      God:    Trog [***...]
Gold:   152        SH:  0    Dex:  7 (10) Spells: 6/6 levels left

rFire   . . .        a - +0 hand axe
rCold   . . .        (no shield)
rNeg    . . .        s - +1 leather armour of Fashionability {Slay+3}
rPois   .            (no helmet)
rElec   .            (no cloak)
rCorr   .            (no gloves)
SInv    .            (no boots)
Will    .....        l - amulet of the acrobat
Stlth   +            (no ring)
HPRegen 0.31/turn    (no ring)
MPRegen 0.10/turn

%: acrobat
@: no status effects
A: no striking features
a: Renounce Religion, Berserk, Trog's Hand


You were on level 5 of the Dungeon.
You worshipped Trog.
Trog was most pleased with you.
You visited 1 branch of the dungeon, and saw 5 of its levels.

You collected 152 gold pieces.

Inventory:

Hand Weapons
 a - a +0 hand axe (weapon)
Missiles
 m - 3 javelins (quivered)
 n - 8 boomerangs
 p - a throwing net
Armour
 b - a +0 animal skin
 c - a +0 ring mail
 g - a +0 chain mail
 s - the +1 leather armour of Fashionability (worn) {Slay+3}
   (You found it on level 4 of the Dungeon)

   Slay:      It affects your accuracy & damage with ranged weapons and melee
   (+3).
Jewellery
 l - an amulet of the acrobat (around neck)
Scrolls
 d - 2 scrolls of enchant weapon {unknown}
 e - 5 scrolls of identify
 h - 3 scrolls of teleportation
 i - a scroll of vulnerability {unknown}
 o - 2 scrolls of immolation {unknown}
 q - a scroll of fog {unknown}
Potions
 f - 3 potions of enlightenment {unknown}
 j - a potion of haste {unknown}
 k - 3 potions of heal wounds {unknown}
 r - a potion of curing {unknown}
 t - a potion of might {unknown}
 u - a potion of mutation {unknown}


   Skills:
 * Level 7.3 Fighting
 * Level 8.0 Axes
 - Level 2.3 Armour
 + Level 3.3 Dodging


You had 6 spell levels left.
You didn't know any spells.
Your spell library was empty.

Dungeon Overview and Level Annotations

Branches:
Dungeon (5/15)
 Temple: D:4-7

Altars:
Fedhas
Hepliaklqana
Makhleb
Trog


Message History

The orc warrior is moderately wounded.
The orc warrior closely misses you.
You closely miss the orc warrior.
The orc warrior is moderately wounded.
The orc warrior hits you with a +2 halberd of protection!
You closely miss the orc warrior.
The orc warrior is moderately wounded.
The orc warrior barely misses you.
You hit the orc warrior.
The orc warrior is moderately wounded.
The orc warrior hits you with a +2 halberd of protection!
You hit the orc warrior but do no damage.
The orc warrior is moderately wounded.
The orc warrior hits you with a +2 halberd of protection!
You hit the orc warrior but do no damage.
The orc warrior is moderately wounded.
The orc warrior hits you with a +2 halberd of protection.
You barely miss the orc warrior.
The orc warrior is moderately wounded.
You hit the orc warrior but do no damage.
The orc warrior is moderately wounded.
The orc warrior closely misses you.
You hit the orc warrior but do no damage.
The orc warrior is moderately wounded.
The orc warrior hits you with a +2 halberd of protection.
An orc comes into view. It is wielding a +0 club.
The orc shouts!
You hit the orc warrior but do no damage.
The orc warrior is moderately wounded.
You hear a shout!
The orc warrior barely misses you.
You hit the orc warrior but do no damage.
The orc warrior is moderately wounded.
The orc warrior hits you with a +2 halberd of protection.
* * * LOW HITPOINT WARNING * * *
As you read the scroll labelled JESEBL ZYUSS, it crumbles to dust.
It is a scroll of identify.
h - 3 scrolls of teleportation The orc warrior hits you with a +2 halberd of protection!!
You die...

######
$.o.....#..
.....# #.#.#
####.# #.#.#
#.# #.#.# #.#
#...# #.#
###># #.# #.#
#.#
############.#
#.#
#........@oo.#
#.#
#.############
#.# #.#
#.###.#
#.....#
#######


You could see an orc warrior and an orc.

Vanquished Creatures
  3 black bears
  An ogre (D:4)
  A howler monkey (D:4)
  A quasit (D:4)
  A hound (D:5)
  A sleepcap (D:4)
  2 iguanas
  7 adders
  3 gnolls (D:2)
  3 shadow imps
  A white imp (D:4)
  3 ufetubi (D:4)
  2 worms
  6 dart slugs
  4 orcs
  4 ball pythons
  8 endoplasms
  12 giant cockroaches (D:2)
  5 goblins
  2 hobgoblins
  6 quokkas
  4 bats
  2 frilled lizards (D:1)
  6 kobolds
  4 rats
92 creatures vanquished.

Notes
Turn   | Place    | Note
-------+----------+-------------------------------------------
     0 | D:1      | rabbitsville the Hill Orc Berserker began the quest for the
                  | Orb.
     0 | D:1      | Reached XP level 1. HP: 19/19 MP: 1/1
   132 | D:1      | Reached XP level 2. HP: 18/27 MP: 2/2
   974 | D:2      | Reached XP level 3. HP: 32/33 MP: 3/3
  1410 | D:2      | Reached ** piety under Trog
  1423 | D:2      | Reached skill level 5 in Axes
  1437 | D:2      | Reached XP level 4. HP: 41/41 MP: 4/4
  1605 | D:2      | Found a blossoming altar of Fedhas.
  1897 | D:2      | Reached skill level 5 in Fighting
  1958 | D:2      | Reached XP level 5. HP: 48/48 MP: 5/5
  2354 | D:3      | You fall into a shaft and drop 1 floor!
  2563 | D:4      | Identified the +1 leather armour of Fashionability {Slay+3}
  2879 | D:4      | Reached *** piety under Trog
  2880 | D:4      | Reached skill level 6 in Axes
  2935 | D:4      | Noticed an ogre
  2954 | D:4      | Killed an ogre
  2955 | D:4      | Reached XP level 6. HP: 50/57 MP: 6/6
  3175 | D:4      | Noticed a black bear
  3192 | D:4      | Killed a black bear
  3371 | D:4      | Noticed a black bear
  3390 | D:4      | Killed a black bear
  3391 | D:4      | Reached skill level 7 in Axes
  3391 | D:4      | Reached XP level 7. HP: 44/64 MP: 7/7
  3550 | D:4      | Found a bloodstained altar of Trog.
  3656 | D:3      | Found a hazy altar of Hepliaklqana.
  4238 | D:3      | Found a burning altar of Makhleb.
  4584 | D:5      | Entered Level 5 of the Dungeon
  4843 | D:5      | Reached skill level 8 in Axes
  4887 | D:5      | Slain by an orc warrior

Illustrated notes

Levels and vault maps discovered:
D:1:      minmay_arrival_glassed_features, layout_basic
D:2:      minmay_roachtagon, layout_loops_ring, basic_altar, kennysheep_boxes
D:3:      layout_loops_corners, mainiacjoe_overflow_alcove_1,
          lightli_temple_of_fire, minmay_misc_feat_square, minmay_statues_item
D:4:      layout_basic, trog_ov_bears_minmay, serial_demonic, serial_demonic_d,
          serial_demonic_d, serial_demonic_b, serial_demonic_f,
          roderic_lattice_a
D:5:      layout_basic, chequers_temple_overflow_minitemple,
          mainiacjoe_overflow_catch_the_wave

Skill      XL: |  1  2  3  4  5  6  7 |
---------------+----------------------+-----
Fighting       | 4 5 6 7 |  7.3
Axes           | 5 6 7 8 |  8.0
Dodging        | 2 3 |  3.3
Armour         | |  2.3

Action                     |  1- 3 |  4- 6 |  7- 9 || total
---------------------------+-------+-------+-------++-------
  Melee: Hand axe          |   127 |   167 |   108 ||   402
         Punch             |     1 |     2 |       ||     3
  Throw: Boomerang         |       |     2 |       ||     2
 Invoke: Berserk           |       |     1 |       ||     1
    Use: Scroll            |       |       |     1 ||     1
 Armour: Ring mail         |    45 |    27 |       ||    72
         Leather armour    |       |    16 |    40 ||    56
  Dodge: Dodged            |    76 |    95 |    76 ||   247

Table legend: (Time is in decaauts)
 A = Elapsed time spent in this place.
 B = Non-inter-level travel time spent in this place.
 C = Inter-level travel time spent in this place.
 D = Time resting spent in this place.
 E = Time spent auto-exploring this place.
 F = Levels seen in this place.
 G = Mean time per level.
                   A        B        C        D        E       F      G
               +--------+--------+--------+--------+--------+-----+--------+
         Total |   4939 |   4790 |    149 |    188 |   3205 |   5 |  987.8 |
       Dungeon |   4939 |   4790 |    149 |    188 |   3205 |   5 |  987.8 |
               +--------+--------+--------+--------+--------+-----+--------+

Top non-repeatable levels by time:
     D:4: 1457 daAuts
     D:2: 1229 daAuts
     D:1: 1168 daAuts
     D:3: 784 daAuts
     D:5: 299 daAuts
